 Dungeon Crawl Stone Soup version 0.31-a0-618-g7ca08c1ff9 (webtiles) character file.

Game seed: 6324583224796918241

120 javelincjr the Conjurer (level 4, -3/31 HPs)
             Began as a Demonspawn Conjurer on Aug 22, 2023.
             Slain by a gnoll
             ... wielding a +0 whip
              (6 damage)
             ... on level 3 of the Dungeon.
             The game lasted 00:06:51 (2059 turns).

javelincjr the Conjurer (Demonspawn Conjurer)       Turns: 2059, Time: 00:06:52

Health: -3/31      AC:  4    Str:  7    XL:     4   Next: 75%
Magic:  6/8        EV: 12    Int: 24    God:
Gold:   82         SH:  0    Dex: 13    Spells: 5/8 levels left

rFire   x . .        l - +9 hand axe of the Enfolding Genius {freeze, rPois rF- Int+2 Dex+2}
rCold   . . .        (no shield)
rNeg    . . .        a - +0 robe
rPois   +            (helmet restricted)
rElec   .            h - +0 cloak
rCorr   .            (no gloves)
SInv    .            c - +0 pair of boots
Will    .....        (no amulet)
Stlth   ++           (no ring)
HPRegen 0.25/turn    (no ring)
MPRegen 0.11/turn

%: no passive effects
@: mighty
A: horns 1
a: no special abilities


You were on level 3 of the Dungeon.
You visited 1 branch of the dungeon, and saw 3 of its levels.

You collected 82 gold pieces.

Inventory:

Hand Weapons
 e - a +0 dagger
 f - a +4 dagger
 l - the +9 hand axe of the Enfolding Genius (weapon) {freeze, rPois rF- Int+2 Dex+2}
   (You found it on level 2 of the Dungeon)

   Int+2:     It affects your intelligence (+2).
   Dex+2:     It affects your dexterity (+2).
   rF-:       It makes you vulnerable to fire.
   rPois:     It protects you from poison
Armour
 a - a +0 robe (worn)
 c - a +0 pair of boots (worn)
 h - a +0 cloak (worn)
Magical Staves
 g - a staff of air
Wands
 m - a wand of mindburst (7)
Scrolls
 d - 4 scrolls of identify {unknown}
 i - a scroll of noise {unknown}
 j - a scroll of torment {unknown}
 k - 2 scrolls of teleportation {unknown}
 n - a scroll of amnesia {unknown}
Potions
 b - a potion of magic


   Skills:
 + Level 0.7 Fighting
 + Level 0.8 Axes
 + Level 0.5 Armour
 + Level 2.5 Dodging
 + Level 2.6 Stealth
 + Level 2.7 Spellcasting
 + Level 4.5 Conjurations


You had 5 spell levels left.
You knew the following spells:

 Your Spells              Type           Power      Damage    Failure   Level
a - Magic Dart            Conj           100%       1d8       1%          1
b - Searing Ray           Conj           50%        2d6       2%          2

Your spell library contained the following spells:

 Spells                   Type           Power      Damage    Failure   Level
 Dazzling Flash           Conj/Hex       28%        N/A       13%         3
 Fulminant Prism          Conj/Hex       7%         3d7       41%         4
 Iskenderun's Mystic Bla  Conj/Tloc      14%        2d5       41%         4


Dungeon Overview and Level Annotations

Branches:
Dungeon (3/15)

Altars:

Shops:
D:2 *


Innate Abilities, Weirdness & Mutations

You have a pair of small horns on your head.


Message History

Found a robe.
The magic dart hits the gnoll but does no damage.
The gnoll shouts!
The gnoll barely misses you. The gnoll misses you.
The gnoll shouts!
You hit the gnoll. You freeze the gnoll.
The gnoll is moderately wounded.
The gnoll barely misses you.
You barely miss the gnoll.
The gnoll is lightly wounded.
The gnoll closely misses you.
You hit the gnoll. You freeze the gnoll.
The gnoll is severely wounded.
The gnoll hits you with a +0 spear.
You barely miss the gnoll.
You headbutt the gnoll, but do no damage.
An orc wizard comes into view. It is wielding a +0 dagger.
The gnoll hits you from afar with a +0 spear.
Casting: Magic Dart (safe; 1% risk of failure)
Confirm with . or Enter, or press ? or * to list all spells.
Aiming: Searing Ray (safe; 2% risk of failure)
Press: ? - help, Shift-Dir - straight line, f - worm, p - gnoll
Aim: a worm (93% to hit)
The searing ray hits the gnoll!
The gnoll is severely wounded.
The searing ray hits the gnoll.
The gnoll is heavily wounded.
The searing ray hits the worm!
The worm is moderately wounded. (Press . to maintain the ray.)
The orc wizard shouts!
You hear a shout! x2
The gnoll hits you from afar with a +0 halberd!
* * * LOW HITPOINT WARNING * * *
The gnoll hits you from afar with a +0 spear.
* * * LOW HITPOINT WARNING * * *
It was a potion of might.
You feel very mighty all of a sudden. The gnoll hits you with a +0 whip.
You die...

..
#.........#
..##..####.##
....####..#
##.....##
#....## .
#...## ...
##...#
..o..##....#
#...g@###
#.###.# ..


gg.. .. w....# #### ......# ... .......# .##.###... ........[ ..<.....#
........... #..)o...# You could see a worm, an orc wizard and 3 gnolls.

Vanquished Creatures
  A jelly (D:2)
  An orc wizard (D:3)
  A gnoll (D:1)
  An adder (D:2)
  A dart slug (D:2)
  An orc (D:3)
  2 bats
  7 endoplasms
  2 giant cockroaches (D:2)
  8 goblins
  A hobgoblin (D:1)
  2 kobolds (D:1)
  2 quokkas
  4 ball pythons
  2 frilled lizards (D:1)
  8 rats
44 creatures vanquished.

Notes
Turn   | Place    | Note
-------+----------+-------------------------------------------
     0 | D:1      | javelincjr the Demonspawn Conjurer began the quest for the
                  | Orb.
     0 | D:1      | Reached XP level 1. HP: 13/13 MP: 3/3
   139 | D:1      | Gained mutation: You have a pair of small horns on your
                  | head. [demonic ancestry]
   139 | D:1      | Reached XP level 2. HP: 19/19 MP: 1/5
   628 | D:1      | Reached XP level 3. HP: 8/24 MP: 0/6
   957 | D:2      | Learned a level 2 spell: Searing Ray
  1291 | D:2      | Found Ygosch's General Store.
  1453 | D:2      | Identified the +9 hand axe of the Enfolding Genius {freeze,
                  | rPois rF- Int+2 Dex+2}
  1892 | D:3      | Reached XP level 4. HP: 31/31 MP: 1/7
  2059 | D:3      | Slain by a gnoll

Illustrated notes

Levels and vault maps discovered:
D:1:      sevenhm_arrival_forest_fort_small_5, layout_rooms
D:2:      layout_loops_corners, serial_shops, nicolae_square_shop,
          item_on_display_a
D:3:      layout_rooms, lemuel_coloured_pillars_altar

Skill      XL: |  1 |
---------------+----+-----
Stealth        | 2 |  2.6
Dodging        | 2 |  2.5
Fighting       | |  0.7
Axes           | |  0.8
Armour         | |  0.5
Spellcasting   | |  2.7
Conjurations   | |  4.5

Action                     |  1- 3 |  4- 6 || total
---------------------------+-------+-------++-------
  Melee: Unarmed           |    32 |       ||    32
         Headbutt          |     5 |     1 ||     6
         Dagger            |     9 |       ||     9
         Hand axe          |     4 |     9 ||    13
   Cast: Magic Dart        |    55 |     5 ||    60
         Searing Ray       |     1 |     1 ||     2
    Use: Potion            |       |     1 ||     1
   Stab: Sleeping          |     4 |       ||     4
 Armour: Robe              |     8 |     2 ||    10
  Dodge: Dodged            |    34 |     7 ||    41

Table legend: (Time is in decaauts)
 A = Elapsed time spent in this place.
 B = Non-inter-level travel time spent in this place.
 C = Inter-level travel time spent in this place.
 D = Time resting spent in this place.
 E = Time spent auto-exploring this place.
 F = Levels seen in this place.
 G = Mean time per level.
                   A        B        C        D        E       F      G
               +--------+--------+--------+--------+--------+-----+--------+
         Total |   2063 |   1944 |    119 |     60 |   1579 |   3 |  687.7 |
       Dungeon |   2063 |   1944 |    119 |     60 |   1579 |   3 |  687.7 |
               +--------+--------+--------+--------+--------+-----+--------+

Top non-repeatable levels by time:
     D:2: 996 daAuts
     D:1: 954 daAuts
     D:3: 112 daAuts
